 Dungeon Crawl Stone Soup version 0.19.1 (webtiles) character file.

748 JamesMay the Shield-Bearer (level 7, 0/61 HPs)
             Began as a Minotaur Fighter on Dec 27, 2016.
             Was a Believer of Okawaru.
             Slain by Pikel
             ... wielding a +1 whip of electrocution
              (8 damage)
             ... on level 4 of the Dungeon.
             The game lasted 00:29:11 (2929 turns).

JamesMay the Shield-Bearer (Minotaur Fighter)       Turns: 2929, Time: 00:29:13

Health: 0/61       AC: 12    Str: 28    XL:     7   Next: 48%
Magic:  6/6        EV:  6    Int:  5    God:    Okawaru [**....]
Gold:   168        SH: 12    Dex:  9    Spells: 0 memorised, 6 levels left

rFire  . . .     SeeInvis .     p - +1 mace (drain)
rCold  . . .     Gourm    .     n - +0 plate armour
rNeg   . . .     Faith    .     c - +1 shield
rPois  .         Spirit   .     (helmet restricted)
rElec  .         Reflect  .     (no cloak)
rCorr  .         Harm     .     (no gloves)
MR     .....                    (no boots)
Stlth  ..........               (no amulet)
                                w - ring of wizardry
                                v - ring of flight

@: mighty
A: retaliatory headbutt, horns 2
a: Heroism, Renounce Religion, Evoke Flight


You were on level 4 of the Dungeon.
You worshipped Okawaru.
Okawaru was pleased with you.
You were hungry.

You visited 1 branch of the dungeon, and saw 4 of its levels.

You collected 168 gold pieces.

Inventory:

Hand Weapons
 a - a +0 long sword
 p - a +1 mace of draining (weapon)
Missiles
 b - 8 tomahawks of dispersal
 e - 14 sling bullets (quivered)
 j - 106 stones
 k - 2 throwing nets
 m - 9 poisoned needles
 o - 48 arrows
 s - 8 bolts
Armour
 c - a +1 shield (worn)
 n - a +0 plate armour (worn)
Jewellery
 v - a ring of flight (left hand)
 w - a ring of wizardry (right hand)
Wands
 t - a wand of slowing (28/48)
Scrolls
 h - a scroll of teleportation
 i - a scroll of noise
 l - 2 scrolls of enchant weapon {unknown}
 r - 4 scrolls of identify
 x - a scroll of remove curse
Potions
 z - 2 potions of haste {unknown}
Comestibles
 f - 5 bread rations
 u - a meat ration


   Skills:
 + Level 5.1 Fighting
 + Level 5.0 Long Blades
 + Level 1.7 Maces & Flails
 + Level 0.2 Throwing
 + Level 5.9 Armour
 + Level 1.3 Dodging
 + Level 0.6 Stealth
 + Level 6.7 Shields


You had 6 spell levels left.
You didn't know any spells.

Dungeon Overview and Level Annotations

Branches:
Dungeon (4/15)
 Temple: D:4-7

Altars:
Nemelex Xobeh
Okawaru

Annotations:
D:4 Pikel


Innate Abilities, Weirdness & Mutations

You reflexively headbutt those who attack you in melee.
You have a pair of horns on your head.


Message History

Pikel hits you with a whip of electrocution.
You are electrocuted!
* * * LOW HITPOINT WARNING * * *
You block the slave's attack. The slave hits you but does no damage.
You block the slave's attack. Pikel hits you but does no damage.
You feel much better. Pikel hits you but does no damage.
You are electrocuted!
* * * LOW HITPOINT WARNING * * *
The slave hits you but does no damage. You block the slave's attack.
The slave hits you but does no damage.
You feel very mighty all of a sudden. You block Pikel's attack.
The slave hits you.
* * * LOW HITPOINT WARNING * * *
You block the slave's attack. x2; You block Pikel's attack.
You hit Pikel. You drain Pikel! Your headbutt misses Pikel.
Pikel is heavily wounded.
You block Pikel's attack. The slave hits you!
* * * LOW HITPOINT WARNING * * *
You block the slave's attack. The slave closely misses you.
Pikel hits you but does no damage.
You are electrocuted!
You die...

..'......#..#
..#......'..#
..#.../..##.#
..#.......###
..+.......# ..#......<#
###.......###+###+##
..###...........p..#
....#...........@K.#####
....#...........pp.....#
....#..................#
....#†...###+######....#
..).))...+ .......
....#....# #+##...
....#....# ...
....#....# .. ....#....#


You could see Pikel (berserk) and 3 slaves.

Vanquished Creatures
  Grinder (D:3)
  Sigmund (D:3)
  A slave (D:4)
  A scorpion (D:4)
  Natasha (thrice) (D:2)
  An orc wizard (D:4)
  8 gnolls
  9 adders
  2 worms (D:2)
  5 dart slugs
  4 leopard geckos
  4 orcs
  2 ball pythons (D:3)
  12 bats
  2 giant cockroaches (D:2)
  5 goblins
  4 hobgoblins
  A quokka (D:2)
  7 kobolds
  9 rats
82 creatures vanquished.

Notes
Turn   | Place    | Note
-------+----------+-------------------------------------------
     0 | D:1      | JamesMay the Minotaur Fighter began the quest for the Orb.
     0 | D:1      | Reached XP level 1. HP: 19/19 MP: 0/0
   227 | D:1      | Reached XP level 2. HP: 25/27 MP: 1/1
   638 | D:2      | Reached XP level 3. HP: 29/33 MP: 2/2
   649 | D:2      | Reached skill level 4 in Shields
   781 | D:1      | Reached XP level 4. HP: 23/41 MP: 3/3
   939 | D:2      | Found a faded altar of an unknown god.
   944 | D:2      | Noticed Natasha
   951 | D:2      | Killed Natasha
   982 | D:2      | Became a worshipper of Warmaster Okawaru
   982 | D:2      | Reached * piety under Okawaru
  1092 | D:2      | Noticed Natasha
  1113 | D:2      | Killed Natasha
  1113 | D:2      | Reached XP level 5. HP: 28/47 MP: 4/4
  1377 | D:2      | Noticed Natasha
  1383 | D:2      | Killed Natasha
  1601 | D:3      | Noticed Sigmund
  1610 | D:3      | Killed Sigmund
  1610 | D:3      | Reached skill level 1 in Maces & Flails
  1610 | D:3      | Reached skill level 5 in Armour
  1610 | D:3      | Reached skill level 1 in Dodging
  1610 | D:3      | Reached skill level 5 in Shields
  1610 | D:3      | Reached XP level 6. HP: 47/53 MP: 5/5
  1660 | D:3      | Found a faded altar of an unknown god.
  1660 | D:3      | Found a faded altar of an unknown god.
  1669 | D:3      | Found a faded altar of an unknown god.
  1671 | D:3      | Found a faded altar of an unknown god.
  1673 | D:3      | Found a sparkling altar of Nemelex Xobeh.
  1872 | D:3      | Noticed Grinder
  1902 | D:3      | Killed Grinder
  1902 | D:3      | Reached ** piety under Okawaru
  1902 | D:3      | Reached skill level 5 in Fighting
  1902 | D:3      | Reached skill level 5 in Long Blades
  1902 | D:3      | Reached skill level 6 in Shields
  1902 | D:3      | Reached XP level 7. HP: 37/61 MP: 6/6
  2914 | D:4      | Noticed Pikel
  2929 | D:4      | Slain by Pikel

Skill      XL: |  1  2  3  4  5  6 |
---------------+-------------------+-----
Fighting       | 4 5 |  5.1
Long Blades    | 3 4 5 |  5.0
Armour         | 4 5 |  5.9
Shields        | 4 5 6 |  6.7
Maces & Flails | 1 |  1.7
Dodging        | 1 |  1.3
Throwing       | |  0.2
Stealth        | |  0.6

Action                   |  1- 3 |  4- 6 |  7- 9 || total
-------------------------+-------+-------+-------++-------
Melee: Long sword        |    54 |    60 |       ||   114
       Headbutt          |    10 |    22 |     8 ||    40
       Mace              |       |    42 |    73 ||   115
Throw: Stone             |       |     7 |       ||     7
  Use: Scroll            |       |     8 |     1 ||     9
       Potion            |       |     3 |     2 ||     5
  Eat: Chunk             |       |     3 |     3 ||     6
Armor: Scale mail        |    61 |     5 |       ||    66
       Plate armour      |       |    59 |    80 ||   139
Dodge: Dodged            |    38 |    31 |    24 ||    93
Block: Shield            |    56 |    67 |    82 ||   205
       Rpst.: Long sword |    13 |     8 |       ||    21
